Map: Dusk Towers

Players

Zorak

  • Race: Terran Terran
  • League: Silver

lesha - Winner!

  • Race: Terran Terran
  • League: Gold

VOD

Have the link to the VOD?

Description

Time

  • Played on: Jan. 9, 2016, 3:38 a.m.
  • Length: 11:18
Show
View Real Time Build Order
Export as new Build Order

Zorak Terran 

Build Orders:  

Get SALT Encoding   

  12  0:03  SCV  
  13  0:25  Supply Depot  
  13  0:26  SCV  
  14  0:38  SCV  
  15  0:43  Refinery  
  15  0:50  SCV  
  15  0:51  Barracks  
  16  1:03  SCV  
  17  1:15  SCV  
  18  1:27  SCV  
  19  1:39  SCV  
  20  1:49  Barracks Reactor  
  20  1:52  Command Center  
  20  1:59  Barracks  
  19  2:20  SCV  
  19  2:21  Factory  
  20  2:26  Refinery  
  20  2:32  SCV  
  20  2:33  Supply Depot  
  22  2:38  Reaper  
  22  2:44  SCV  
  23  2:55  Reaper  
  24  3:06  SCV x2  
  26  3:27  Marine x2  
  28  3:46  Marine x2  
  28  3:47  Factory Tech Lab  
  30  3:50  Barracks Tech Lab  
  30  3:55  SCV  
  31  3:56  Engineering Bay  
  31  3:58  SCV  
  32  4:04  Refinery  
  32  4:07  SCV  
  32  4:19  SCV  
  32  4:25  Concussive Shells, Marine  
  32  4:26  Marine  
  32  4:27  Siege Tank, Marauder  
  32  4:31  Terran Infantry Weapons Level 1, SCV  
  39  4:37  Supply Depot  
  40  4:43  SCV  
  41  4:46  Marine x2  
  41  4:48  Marauder  
  45  4:55  SCV, Orbital Command  
  45  4:59  Siege Tank  
  49  5:04  Marine  
  50  5:07  Combat Shields, SCV  
  50  5:08  Marine  
  52  5:20  SCV  
  53  5:21  Marine  
  53  5:28  Supply Depot  
  54  5:35  Supply Depot  
  54  5:46  Orbital Command  
  54  5:49  Siege Tank, Marine x2  
  61  5:50  Marauder  
  61  6:07  Marine  
  62  6:13  Marine, Marauder  
  65  6:21  Siege Tank  
  65  6:25  Marine  
  69  6:34  Supply Depot  
  69  6:55  Siege Tank, Marauder  
  74  7:05  Supply Depot  
  69  7:42  Starport  
  69  7:49  Supply Depot  
  69  7:50  Terran Infantry Armor Level 1  
  61  8:12  Supply Depot  
  59  8:18  Marine x2  
  59  8:19  Marauder  
  57  8:20  Siege Tank  
  57  8:21  SCV  
  61  8:33  SCV  
  61  8:34  Starport Tech Lab  
  62  8:35  Supply Depot  
  62  8:37  Armory  
  62  8:40  Marauder  
  64  8:49  Fusion Core  
  64  8:52  Siege Tank  
  64  8:55  Refinery  
  67  8:59  Starport  
  67  9:19  Command Center  
  67  9:39  Battlecruiser  
  67  9:41  Starport Tech Lab  
  67  9:44  SCV, Supply Depot  
  74  9:56  SCV  
  50  10:17  Marine x2  
  50  10:18  Siege Tank, Marauder  
  56  10:34  Marine x2  
  58  10:39  Marauder  
Show
View Real Time Build Order
Export as new Build Order

lesha Terran - Winner!

Build Orders: Reaper Expand, MMM Bio 

Get SALT Encoding   

  12  0:01  SCV  
  13  0:13  SCV  
  14  0:19  Supply Depot  
  14  0:28  SCV  
  15  0:40  SCV  
  15  0:42  Barracks  
  16  0:47  Refinery  
  16  0:52  SCV  
  17  1:06  SCV  
  18  1:18  SCV  
  19  1:31  Orbital Command  
  19  1:38  Command Center  
  19  1:40  Reaper  
  20  1:54  Supply Depot  
  20  1:58  SCV  
  21  2:12  Barracks, Marine  
  22  2:24  SCV  
  23  2:33  Refinery  
  23  2:35  Barracks Reactor  
  23  2:36  SCV  
  24  2:45  Factory  
  24  2:48  SCV  
  25  2:53  Orbital Command  
  25  3:00  SCV  
  25  3:02  Engineering Bay  
  27  3:07  Barracks Reactor  
  26  3:13  SCV  
  27  3:26  SCV x2  
  29  3:27  Marine x2  
  29  3:33  Factory Tech Lab  
  31  3:41  Barracks  
  31  3:43  Starport, Barracks  
  31  3:44  SCV  
  31  3:47  SCV  
  33  3:50  Marine  
  34  3:58  SCV  
  34  3:59  SCV  
  36  4:03  Terran Infantry Weapons Level 1  
  36  4:06  Marine x2  
  38  4:10  SCV  
  39  4:25  Marine x2, Starport Reactor  
  39  4:26  Marine  
  39  4:29  SCV x2  
  44  4:33  Barracks Tech Lab  
  44  4:34  Barracks Reactor  
  44  4:41  SCV x2  
  44  4:42  Missile Turret  
  46  4:47  Missile Turret  
  46  4:57  Missile Turret  
  46  5:01  Supply Depot  
  46  5:02  Supply Depot  
  46  5:04  Stimpack  
  46  5:05  Supply Depot  
  46  5:22  Marine x6  
  46  5:23  SCV x2, Marine  
  55  5:29  Barracks  
  55  5:33  Supply Depot x2  
  55  5:35  SCV x2  
  57  5:36  Command Center  
  57  5:40  Marine x2  
  57  5:42  Refinery  
  59  5:43  Refinery  
  59  5:46  Marine x5  
  59  5:47  SCV x2  
  59  5:49  Medivac x2  
  70  6:10  SCV  
  70  6:11  SCV  
  72  6:13  Terran Infantry Armor Level 1, Missile Turret  
  72  6:17  Barracks Tech Lab  
  71  6:38  Marine x6  
  77  6:40  Siege Tank  
  77  6:41  Medivac  
  77  6:46  Marauder x2  
  80  6:57  Marine x6  
  86  7:07  Marauder x2  
  90  7:11  Supply Depot  
  90  7:12  Supply Depot  
  90  7:14  Supply Depot x2, Marine  
  90  7:15  Marine x2  
  93  7:16  Command Center  
  93  7:17  Marine x3  
  93  7:18  Medivac  
  82  7:39  Marine  
  77  7:47  Marine  
  77  7:48  Marine x4  
  78  7:57  Marine  
  78  8:05  Marine x2  
  74  8:06  Marine x3  
  79  8:15  Marine  
  80  8:23  Marine x3  
  80  8:24  Marine  
  80  8:26  Marine  
  84  8:29  Siege Tank  
  84  8:30  Medivac x2  
  84  8:33  Marine  
  93  8:41  SCV  
  93  8:42  SCV  
  93  8:43  Marine x4  
  93  8:44  Marine  
  100  8:51  Barracks  
  100  8:52  Combat Shields  
  100  8:53  Barracks  
  100  8:54  SCV x2  
  100  8:55  Barracks  
  102  9:01  Siege Tank  
  102  9:02  Armory  
  105  9:03  Supply Depot, Engineering Bay  
  105  9:04  Orbital Command  
  105  9:07  SCV  
  105  9:08  SCV  
  107  9:19  SCV  
  107  9:20  SCV  
  109  9:25  Marine x6  
  109  9:26  Missile Turret  
  109  9:27  Missile Turret  
  115  9:35  SCV x4  
  119  9:40  Barracks Reactor  
  119  9:43  Marine  
  119  9:44  Marauder  
  122  9:47  SCV  
  122  9:49  Barracks Tech Lab  
  122  9:50  Missile Turret  
  122  9:54  Marine  
  122  9:55  Marine x2  
  122  9:57  Marauder  
  122  9:58  Siege Tank  
  118  10:22  Marine x2  
  118  10:27  Marine x3  
  118  10:28  Marauder x3  
  129  10:29  Marine  
  130  10:37  Barracks Reactor  
  130  10:39  Orbital Command  
  130  10:40  SCV, Marine  
  130  10:41  SCV x2  
  134  10:44  Marine  
  134  10:45  Marine x3  
  134  10:49  Marauder  
  140  11:06  Supply Depot  
  140  11:07  Supply Depot  
  140  11:09  Supply Depot  
  140  11:12  Supply Depot  
Tags
 
Composition
MMM Bio
Matchup
TvT
Race
Terran
Add a new tag
Caveats
  • Supply blocks, unpowered buildings, or Contaminate may cause inaccurate times.
  • Supply counts are checked every 10 seconds.